 Dungeon Crawl Stone Soup version 0.31-a0-236-g9a0961fb85 (webtiles) character file.

Game seed: 10255483581789574230

163 qw the Shooter (level 5, -1/45 HPs)
             Began as a Minotaur Hexslinger on July 10, 2023.
             Slain by Grinder (3 damage)
             ... on level 3 of the Dungeon.
             The game lasted 00:00:39 (1998 turns).

qw the Shooter (Minotaur Hexslinger)                Turns: 1998, Time: 00:00:40

Health: -1/45      AC:  5    Str: 12    XL:     5   Next: 20%
Magic:  5/5        EV: 11    Int: 10    God:
Gold:   141        SH:  0    Dex: 15    Spells: 5/6 levels left

rFire   . . .        Y - +4 sling (flame)
rCold   . . .        (no shield)
rNeg    . . .        f - +0 ring mail
rPois   .            (helmet restricted)
rElec   .            (no cloak)
rCorr   .            (no gloves)
SInv    .            (no boots)
Will    .....        (no amulet)
Stlth   +            (no ring)
HPRegen 0.27/turn    (no ring)
MPRegen 0.09/turn

%: no passive effects
@: no status effects
A: horns 2, retaliatory headbutt
a: no special abilities


You were on level 3 of the Dungeon.
You visited 1 branch of the dungeon, and saw 3 of its levels.

You collected 141 gold pieces.


Innate Abilities, Weirdness & Mutations

You have a pair of horns on your head.
You reflexively headbutt those who attack you in melee.


   Skills:
 - Level 3.0 Fighting
 + Level 5.2 Ranged Weapons
 - Level 1.1 Armour
 - Level 2.1 Dodging
 - Level 1.0 Spellcasting
 - Level 2.0 Hexes


You had 5 spell levels left.
You knew the following spells:

 Your Spells              Type           Power      Damage    Failure   Level
a - Slow                  Hex            16%        N/A       34%         1

Your spell library contained the following spells:

 Spells                   Type           Power      Damage    Failure   Level
 Inner Flame              Hex/Fire       2%         N/A       83%         3
 Portal Projectile        Hex/Tloc       4%         N/A       83%         3
 Cause Fear               Hex            2%         N/A       98%         4

Inventory:

Hand Weapons
 Y - a +4 sling of flaming (weapon)
Armour
 f - a +0 ring mail (worn)
Scrolls
 b - a scroll of amnesia {unknown}
 c - a scroll of enchant armour {unknown}
 e - a scroll of identify {unknown}
Potions
 a - a potion of magic {unknown}
 d - a potion of haste {unknown}
 g - a potion of cancellation {unknown}
 h - a potion of curing

Dungeon Overview and Level Annotations

Branches:
Dungeon (3/15)

Altars:
Yredelemnul

Annotations:
D:3 Grinder


Message History

You headbutt the gnoll.
The gnoll bouda gazes fiercely through you!
You feel as though you will be weak longer.
The gnoll bouda hits you but does no damage.
You shoot a sling bullet.
The sling bullet barely misses the gnoll.
The sling bullet hits Grinder.
The sling bullet burns Grinder.
Grinder is lightly wounded.
The gnoll bouda hits you with a +0 whip.
The gnoll misses you.
You shoot a sling bullet.
The sling bullet closely misses the gnoll.
The sling bullet barely misses Grinder.
The gnoll bouda misses you. The gnoll hits you with a +0 whip.
You shoot a sling bullet. The sling bullet hits the gnoll.
The sling bullet burns the gnoll.
The gnoll is heavily wounded.
The gnoll bouda hits you with a +0 whip!
The gnoll misses you.
You shoot a sling bullet. The sling bullet hits the gnoll.
The sling bullet burns the gnoll.
You kill the gnoll!
The gnoll bouda closely misses you. You furiously retaliate!
You headbutt the gnoll bouda. Grinder hits you.
You writhe in agony.
The gnoll bouda hits you with a +0 whip.
You shoot a sling bullet. The sling bullet barely misses Grinder.
Your attacks no longer feel as feeble.
Grinder gestures at you. Pain shoots through your body!
The gnoll bouda hits you but does no damage.
You shoot a sling bullet.
The sling bullet closely misses Grinder.
Grinder closely misses you.
The gnoll bouda barks out a call to the hunt!
You shoot a sling bullet. The sling bullet hits Grinder.
The sling bullet burns Grinder.
Grinder is moderately wounded.
Grinder hits you!
You writhe in agony.
The gnoll bouda barely misses you. The gnoll bouda closely misses you.
Grinder hits you.
You die...

#....# #....# ...# #....#
...# . #....# .....
.##....# ..... .#.....#
...... .......# ###......
.......# #g5g.....
...#.### #@# .....######
##.# ..........#####..#
........#.......## #####
...###.............)...##
...# ##.###...######....
.######.(.....[.......#
..#...................#
....###.#.##......<...#


You could see Grinder, a gnoll bouda and a gnoll (swift).

Vanquished Creatures
  Jessica (D:2)
  7 gnolls
  An adder (D:2)
  A dart slug (D:1)
  A worm (D:2)
  An orc (D:3)
  2 endoplasms (D:1)
  6 giant cockroaches
  4 goblins
  3 hobgoblins
  7 jackals
  A kobold (D:2)
  2 quokkas
  4 ball pythons
  6 bats
  A frilled lizard (D:1)
  6 rats
54 creatures vanquished.

Notes
Turn   | Place    | Note
-------+----------+-------------------------------------------
     0 | D:1      | qw the Minotaur Hexslinger began the quest for the Orb.
     0 | D:1      | Reached XP level 1. HP: 16/16 MP: 1/1
     0 | D:1      | 0 ||| qw: Version: 0.3-a-52-g30416fa
     0 | D:1      | 0 ||| qw: Game counter: 4745
     0 | D:1      | 0 ||| qw: Melee chars always use a shield: true
     0 | D:1      | 0 ||| qw: God list: Okawaru
     0 | D:1      | 0 ||| qw: Allow faded altars: false
     0 | D:1      | 0 ||| qw: Do Orc after clearing Dungeon:15 true
     0 | D:1      | 0 ||| qw: Do second Lair branch before Depths: true
     0 | D:1      | 0 ||| qw: Lair rune preference: random
     0 | D:1      | 0 ||| qw: Goals: Normal
     0 | D:1      | 0 ||| PLANNING D:1-11
    24 | D:1      | Found a faded altar of an unknown god.
   261 | D:1      | Reached skill level 3 in Ranged Weapons
   261 | D:1      | Reached XP level 2. HP: 12/23 MP: 2/2
   816 | D:1      | 816 ||| UPGRADING to +0 ring mail.
   826 | D:1      | 826 ||| DROPPING +0 robe.
   827 | D:1      | 827 ||| READING 3 scrolls labelled CUBUTHRO GEHOG.
   828 | D:1      | 828 ||| READING 2 scrolls of enchant weapon.
   828 | D:1      | 828 ||| ENCHANTING +2 sling.
   829 | D:1      | 829 ||| READING scroll of enchant weapon.
   829 | D:1      | 829 ||| ENCHANTING +3 sling.
   830 | D:1      | 830 ||| READING scroll labelled FODYMY OT SAODD.
   833 | D:1      | 833 ||| READING 2 scrolls labelled YLIFIKK KUODGH.
   834 | D:1      | 834 ||| DROPPING scroll of poison.
   835 | D:1      | 835 ||| DROPPING scroll of fog.
   927 | D:2      | Reached XP level 3. HP: 25/29 MP: 3/3
  1062 | D:2      | Reached skill level 4 in Ranged Weapons
  1066 | D:2      | Reached skill level 1 in Armour
  1075 | D:2      | Reached XP level 4. HP: 32/36 MP: 4/4
  1383 | D:2      | Noticed Jessica
  1387 | D:2      | Killed Jessica
  1388 | D:2      | Reached skill level 5 in Ranged Weapons
  1727 | D:2      | 1727 ||| READING scroll labelled WUSEOT PIY.
  1728 | D:2      | 1728 ||| READING scroll labelled MAUKHEUXIU.
  1729 | D:2      | 1729 ||| DRINKING 2 brown potions.
  1897 | D:3      | Found a basalt altar of Yredelemnul.
  1986 | D:3      | Reached XP level 5. HP: 44/44 MP: 5/5
  1986 | D:3      | Noticed Grinder
  1988 | D:3      | Reached skill level 3 in Fighting
  1998 | D:3      | HP: 5/45 [Grinder (8)]
  1998 | D:3      | HP: 2/45 [Grinder (3)]
  1998 | D:3      | Slain by Grinder

Levels and vault maps discovered:
D:1:      psy_arrival_spokes, layout_loops_ring,
          hellmonk_ecumenical_altar_blasted
D:2:      layout_basic, kennysheep_small_spiral, kennysheep_generic_room_13,
          uniq_jessica
D:3:      layout_rooms, mainiacjoe_overflow_alcove_2, nicolae_grassy_gnolls,
          uniq_crazy_yiuf_cottage, uniq_grinder

Skill      XL: |  1  2  3  4  5 |
---------------+----------------+-----
Ranged Weapons | 3 4 5 |  5.2
Fighting       | 2 3 |  3.0
Armour         | 1 |  1.1
Dodging        | |  2.1
Spellcasting   | |  1.0
Hexes          | |  2.0

Action                     |  1- 3 |  4- 6 || total
---------------------------+-------+-------++-------
   Fire: Sling             |    91 |    52 ||   143
    Use: Scroll            |     5 |     2 ||     7
         Potion            |       |     1 ||     1
 Armour: Robe              |     2 |       ||     2
         Ring mail         |     2 |     6 ||     8
  Dodge: Dodged            |    22 |    14 ||    36

Table legend:
 A = Non-vault XP
 B = Vault XP
 C = Vault XP percentage of total XP
 D = Non-vault monster count
 E = Vault monster count
 F = Vault count percentage of total count
                 A         B        C        D         E       F
            +---------+---------+-------+---------+---------+-------
      Total |     151 |      83 |  35.5 |      49 |       5 |   9.3
            +---------+---------+-------+---------+---------+-------
        D:1 |      36 |       0 |   0.0 |      20 |       0 |   0.0
        D:2 |      95 |      39 |  29.1 |      18 |       2 |  10.0
        D:3 |      20 |      44 |  68.8 |      11 |       3 |  21.4
            +---------+---------+-------+---------+---------+-------
